 Dungeon Crawl Stone Soup version 0.30-a0-304-gdc4b735fe1 (webtiles) character file.

Game seed: 2766301307048065273

25 lonewolfV2 the Trooper (level 2, -3/24 HPs)
             Began as a Demonspawn Fighter on Oct 20, 2022.
             Killed by nerve-wracking pain
             ... invoked by Jessica
              (10 damage)
             ... on level 2 of the Dungeon.
             The game lasted 00:01:17 (974 turns).

lonewolfV2 the Trooper (Demonspawn Fighter)          Turns: 974, Time: 00:01:17

Health: -3/24      AC:  6    Str: 16    XL:     2   Next: 86%
Magic:  2/2        EV:  8    Int:  9    God:
Gold:   78         SH:  4    Dex: 12    Spells: 1/1 levels left

rFire   . . .      SeeInvis .    a - +0 long sword
rCold   . . .      Faith    .    c - +0 buckler
rNeg    . . .      Spirit   .    b - +0 scale mail
rPois   .          Reflect  .    (no helmet)
rElec   .          Harm     .    (no cloak)
rCorr   .          Rampage  .    (no gloves)
Will    .....                    (no boots)
Stlth   ..........               (no amulet)
HPRegen 0.24/turn                (no ring)
MPRegen 0.08/turn                (no ring)

@: no status effects
A: powered by death 1
a: no special abilities


You were on level 2 of the Dungeon.
You visited 1 branch of the dungeon, and saw 2 of its levels.

You collected 78 gold pieces.

Inventory:

Hand Weapons
 a - a +0 long sword (weapon)
Armour
 b - a +0 scale mail (worn)
 c - a +0 buckler (worn)
Potions
 d - a potion of might
 e - a potion of mutation
 h - a potion of flight {unknown}
 j - a potion of degeneration {unknown}
 l - a potion of invisibility


   Skills:
 + Level 3.3 Fighting
 + Level 2.1 Long Blades
 + Level 3.0 Armour
 + Level 2.9 Shields


You had one spell level left.
You didn't know any spells.
Your spell library contained the following spells:

 Spells                   Type           Power      Damage    Failure   Level
 Dazzling Flash           Conj/Hex       0%         N/A       99%         3
 Agony                    Necr           0%         N/A       100%        5
 Silence                  Hex/Air        0%         N/A       100%        5


Dungeon Overview and Level Annotations

Branches:
Dungeon (2/15)

Altars:

Annotations:
D:2 Jessica


Innate Abilities, Weirdness & Mutations

You regenerate a little health from kills.


Message History

You see here a quokka corpse.
Jessica drinks a potion.
Jessica flickers and vanishes!
Deactivating autopickup; reactivate with Ctrl-A.
You block the bat's attack.
A kobold comes into view. It is wielding a +0 short sword.
The rat bites you but does no damage.
You see here a quokka corpse.
You block the rat's attack.
You slash the rat!
You kill the rat!
The bat hits you but does no damage.
You hear some strange, mumbled words.
The bat hits you but does no damage. Something hits you but does no damage.
You see here a rat corpse.
You barely miss the kobold. Something hits you. The kobold closely misses you.
The bat barely misses you. Something hits you but does no damage.
The kobold hits you but does no damage.
You barely miss the kobold. The bat barely misses you. Something hits you.
You block the bat's attack. The kobold hits you but does no damage.
Something hits you.
You barely miss the kobold. The bat hits you but does no damage.
Something hits you. You block the kobold's attack.
The bat hits you but does no damage.
You hear some strange, mumbled words.
You hit the kobold.
The kobold is heavily wounded.
The bat barely misses you. The kobold completely misses you.
You block the bat's attack.
You hear some strange, mumbled words.
The kobold hits you with a +0 short sword.
* * * LOW HITPOINT WARNING * * *
You hit the kobold but do no damage.
The kobold is heavily wounded.
The bat closely misses you.
Something tries to affect you, but you resist.
The kobold closely misses you.
You hit the kobold.
You kill the kobold!
The bat hits you but does no damage. Pain shoots through your body!
You die...

.§#.#.......
#####.....≈...≈
.......≈....#.
..........≈..
........#...
...........#
.......b##.#
.......†..<#.#
........@)...#
......§.##.###
...?....##...
........######
####....#
#....# #....#
######


You could see a bat.

Vanquished Creatures
  A ball python (D:1)
  2 endoplasms (D:1)
  2 giant cockroaches (D:1)
  6 goblins (D:1)
  3 hobgoblins (D:1)
  2 kobolds
  A quokka (D:2)
  2 bats (D:1)
  4 rats
23 creatures vanquished.

Notes
Turn   | Place    | Note
-------+----------+-------------------------------------------
     0 | D:1      | lonewolfV2 the Demonspawn Fighter began the quest for the
                  | Orb.
     0 | D:1      | Reached XP level 1. HP: 18/18 MP: 1/1
   185 | D:1      | Gained mutation: You regenerate a little health from kills.
                  | [demonic ancestry]
   185 | D:1      | Reached XP level 2. HP: 24/24 MP: 2/2
   963 | D:2      | Noticed Jessica
   974 | D:2      | Killed from afar by Jessica

Illustrated notes

Levels and vault maps discovered:
D:1:      erik_arrival_cave_to_civilisation [erik_arrival_cave_to_hall],
          layout_basic, serial_park_tiny_1
D:2:      layout_basic, chequers_ecumenical_altar_lobes,
          nicolae_kite_square_tiling_tiny, uniq_terence, uniq_jessica

Skill      XL: |  1  2 |
---------------+-------+-----
Armour         | 3 |  3.0
Long Blades    | 2 |  2.1
Fighting       | |  3.3
Shields        | |  2.9

Action                   || total
-------------------------++-------
Melee: Long sword        ||    54
  Use: Scroll            ||     4
Armor: Scale mail        ||    45
Dodge: Dodged            ||    37
Block: Buckler           ||    21

Table legend: (Time is in decaauts)
 A = Elapsed time spent in this place.
 B = Non-inter-level travel time spent in this place.
 C = Inter-level travel time spent in this place.
 D = Time resting spent in this place.
 E = Time spent auto-exploring this place.
 F = Levels seen in this place.
 G = Mean time per level.
                   A        B        C        D        E       F      G
               +--------+--------+--------+--------+--------+-----+--------+
         Total |    992 |    981 |     11 |     26 |    752 |   2 |  496.0 |
       Dungeon |    992 |    981 |     11 |     26 |    752 |   2 |  496.0 |
               +--------+--------+--------+--------+--------+-----+--------+

Top non-repeatable levels by time:
     D:1: 945 daAuts
     D:2: 46 daAuts
